Map: Catalyst LE

Players

RickeyBobby

  • Race: Protoss Protoss
  • League: Gold
  • Spawn Location: 11:00

Test - Winner!

  • Race: Terran Terran
  • Spawn Location: 5:00

VOD

Have the link to the VOD?

Description

Time

  • Played on: May 15, 2018, 3:20 p.m.
  • Length: 8:39
Show
View Real Time Build Order
Export as new Build Order

RickeyBobby Protoss 

Build Orders:  

Get SALT Encoding   

  12  0:04  Probe  
  13  0:17  Pylon  
  13  0:23  Probe  
  14  0:31  Probe  
  15  0:39  Probe  
  15  0:43  Gateway  
  15  0:49  Probe  
  16  0:55  Assimilator  
  17  1:01  Probe  
  18  1:13  Probe  
  19  1:21  Pylon  
  19  1:38  Probe  
  19  1:41  Forge  
  19  1:46  Probe  
  21  1:56  Probe  
  21  2:00  Cybernetics Core  
  22  2:08  Probe  
  23  2:12  Nexus  
  23  2:20  Probe  
  23  2:27  Assimilator  
  23  2:34  Pylon  
  23  2:49  Stalker  
  23  2:50  Shield Battery  
  25  2:53  Photon Cannon, Probe  
  26  3:01  Probe  
  26  3:05  Photon Cannon  
  27  3:13  Pylon  
  27  3:25  Stargate  
  27  3:27  Probe x2  
  29  3:39  Probe  
  29  3:40  Pylon  
  30  3:47  Photon Cannon  
  30  3:53  Stalker  
  32  3:55  Probe  
  32  3:56  Probe  
  34  4:04  Probe x2  
  36  4:14  Photon Cannon  
  36  4:22  Probe x2  
  38  4:31  Robotics Facility  
  38  4:33  Probe  
  38  4:34  Probe  
  38  4:37  Oracle  
  43  4:41  Probe  
  43  4:42  Probe  
  44  4:47  Assimilator  
  44  4:50  Stalker  
  47  4:58  Stargate  
  47  4:59  Probe x2  
  49  5:11  Probe x2  
  49  5:13  Protoss Air Weapons Level 1  
  51  5:26  Observer  
  51  5:27  Probe  
  52  5:30  Probe  
  52  5:35  Probe  
  54  5:38  Assimilator  
  54  5:41  Pylon  
  54  5:42  Probe  
  56  6:18  Void Ray x2  
  56  6:22  Probe  
  56  6:23  Probe  
  66  6:35  Probe x2  
  68  6:40  Stargate  
  68  6:42  Stargate  
  68  6:47  Probe x2  
  68  6:59  Probe x2  
  64  7:03  Nexus  
  60  7:11  Probe x2  
  60  7:13  Void Ray  
  60  7:14  Void Ray  
  70  7:23  Probe x2  
  70  7:27  Void Ray  
  76  7:35  Probe  
  76  8:07  Nexus  
  76  8:10  Nexus  
  76  8:29  Pylon  
  76  8:31  Pylon  
  76  8:32  Pylon  
Show
View Real Time Build Order
Export as new Build Order

Test Terran - Winner!

Build Orders:  

Get SALT Encoding   

  12  0:00  SCV  
  13  0:13  SCV  
  14  0:20  Supply Depot  
  14  0:25  SCV  
  15  0:29  Refinery  
  15  0:42  SCV  
  16  0:49  Barracks  
  16  0:54  SCV  
  17  1:07  SCV  
  18  1:40  Command Center  
  18  1:42  Orbital Command  
  18  1:46  Marine  
  19  2:04  Marine, Factory  
  20  2:13  Supply Depot  
  21  2:32  SCV  
  21  2:33  Barracks  
  22  2:42  Barracks Reactor  
  22  2:44  SCV  
  22  2:52  Engineering Bay  
  22  2:54  Factory Tech Lab  
  22  2:55  SCV  
  22  2:56  SCV  
  24  3:08  Orbital Command  
  24  3:24  Starport  
  24  3:28  Supply Depot  
  24  3:33  Barracks Tech Lab  
  24  3:34  Barracks Reactor  
  24  3:35  Marine  
  27  3:43  Cyclone  
  27  3:47  SCV  
  27  3:48  SCV  
  30  3:53  Marine  
  30  3:54  Refinery  
  31  3:57  Refinery  
  31  3:59  SCV  
  32  4:11  SCV x2, Marine  
  35  4:19  Medivac  
  35  4:20  Marine  
  35  4:21  Marine  
  39  4:28  SCV x2  
  39  4:29  Marine  
  42  4:38  Marine x2  
  42  4:39  Supply Depot  
  42  4:40  SCV  
  42  4:41  SCV  
  46  4:47  Marine  
  46  4:52  SCV  
  48  4:53  SCV  
  48  4:55  Stimpack  
  48  4:56  Marine x2, Terran Infantry Weapons Level 1  
  51  5:02  Supply Depot  
  51  5:05  SCV, Marine  
  53  5:14  Marine x2  
  55  5:23  Marine, Starport Tech Lab  
  56  5:32  Marine x2, Cyclone x2  
  64  5:40  Armory  
  64  5:41  Marine  
  65  5:50  Marine x2  
  67  5:58  Banshee  
  67  6:01  Marine  
  70  6:09  Missile Turret  
  70  6:16  Missile Turret  
  70  6:17  Supply Depot  
  70  6:18  Supply Depot  
  70  6:21  Supply Depot  
  70  6:31  Refinery  
  70  6:39  Marine x3, SCV x2  
  75  6:51  SCV  
  76  6:57  Marine x2  
  76  7:00  Marine  
  77  7:02  Cyclone x2  
  80  7:11  Liberator  
  80  7:14  Marine x2  
  82  7:18  Marine  
  83  7:25  Command Center  
  86  7:32  Marine x2  
  86  7:34  Cyclone  
  86  7:36  Marine  
  92  7:50  Marine x2  
  94  8:01  Supply Depot  
  94  8:03  Supply Depot  
  94  8:05  Missile Turret  
  94  8:10  Missile Turret  
  94  8:26  Missile Turret  
  99  8:27  Missile Turret  
Tags
 
Add a new tag
Caveats
  • Supply blocks, unpowered buildings, or Contaminate may cause inaccurate times.
  • Supply counts are checked every 10 seconds.